 Dungeon Crawl Stone Soup version 0.15-a0-134-gcf47855 (webtiles) character file.

522 PolkaDot the Cutter (level 6, 0/48 HPs)
             Began as a Vampire Gladiator on Apr 12, 2014.
             Slain by Blork the orc
             ... wielding a +0,+0 mace
              (4 damage)
             ... on Level 5 of the Dungeon.
             The game lasted 00:11:54 (2362 turns).

PolkaDot the Cutter (Vampire Gladiator)             Turns: 2362, Time: 00:11:54

HP   0/48        AC  5     Str 14      XL: 6   Next: 13%
MP   6/6         EV 12     Int 15      God:
Gold 224         SH  0     Dex 15 (16) Spells:  0 memorised,  5 levels left

rFire  . . .     SeeInvis +     a - +0 cutlass
rCold  . . .     Clarity  .     b - +0 leather armour
rNeg   . . .     Conserve .     (no shield)
rPois  .         rCorr    .     c - +1 helmet
rElec  .         rRot     .     (no cloak)
SustAb + .       Spirit   .     (no gloves)
rMut   .         Warding  .     (no boots)
Saprov . . .     Stasis   .     (no amulet)
MR     .....                    j - +5 ring of intelligence
                                e - ring of sustain abilities

@: regenerating quickly, not resistant to hostile enchantments, unstealthy
A: bottle blood, fangs 3, see invisible, unbreathing
a: Bottle Blood


You were on level 5 of the Dungeon.
You were very full.

You visited 1 branch of the dungeon, and saw 5 of its levels.

You collected 224 gold pieces.

Inventory:

Hand weapons
 a - a +0,+0 cutlass (weapon)
Missiles
 d - 3 throwing nets (quivered)
Armour
 b - a +0 leather armour (worn)
 c - a +1 helmet (worn)
Scrolls
 n - a scroll of fog
Jewellery
 e - a ring of sustain abilities (left hand)
 j - a +5 ring of intelligence (right hand)


   Skills:
 - Level 3.6 Fighting
 * Level 6.4 Short Blades
 - Level 1.5 Throwing
 + Level 3.2 Dodging


You had 5 spell levels left.
You didn't know any spells.

Dungeon Overview and Level Annotations

Branches:
Dungeon (5/15)
 Temple: D:4-7

Altars:
Ashenzari
Elyvilon
Fedhas
Okawaru
Sif Muna

Annotations:
D:5 Blork the orc


Innate Abilities, Weirdness & Mutations

Your natural rate of healing is unusually fast.
You can bottle blood from corpses.
You have razor-sharp teeth.*
You have supernaturally acute eyesight.
You can survive without breathing.*


Message History

You feel troubled.
Blork the orc points at you and mumbles some strange words.
The magic dart hits you!
* * * LOW HITPOINT WARNING * * *
Blork the orc points at you and mumbles some strange words.
The magic dart hits you!
* * * LOW HITPOINT WARNING * * *
Blork the orc screams, "I'll make a cloak from your skin!"
There is an open door here.
You close the door.
You start resting.
Blork the orc opens the door.
He is wielding a mace.
As you close the door, it creaks loudly!
Blork the orc opens the door.
Blork the orc casts a spell at you. The puff of frost hits you!
* * * LOW HITPOINT WARNING * * *
There is an open door here.
Blork the orc hits you with a mace.
You die...

#####......# #.# #.
#......# #.# #<
#......########.######.
#..#.#.................
#..._....o.............
#..#.######....#######.
#...#.....'....# #.
#...#..o..#....# #.
##...##@####....# #.
.................# #.
......#######...)# #.
..... #....# . .....
#..... . . #..... #..


You could see Blork the orc.

Vanquished Creatures
  An ogre (D:4)
  3 orc wizards (D:4)
  Ijyb (D:3)
  An adder (D:3)
  A worm (D:3)
  A giant eyeball (D:4)
  2 giant geckos
  4 orcs
  3 giant cockroaches
  8 goblins
  13 hobgoblins
  7 jackals
  2 oozes
  6 bats
  2 giant newts
  12 kobolds
  3 quokkas (D:3)
  6 rats
76 creatures vanquished.

Notes
Turn   | Place    | Note
--------------------------------------------------------------
     0 | D:1      | PolkaDot, the Vampire Gladiator, began the quest for the Orb.
     0 | D:1      | Reached XP level 1. HP: 16/16 MP: 1/1
   118 | D:1      | Reached skill level 4 in Short Blades
   118 | D:1      | Reached XP level 2. HP: 9/22 MP: 2/2
   726 | D:2      | Found an iron altar of Okawaru.
   981 | D:3      | Reached XP level 3. HP: 27/27 MP: 3/3
  1048 | D:3      | Found a white marble altar of Elyvilon.
  1341 | D:3      | Reached XP level 4. HP: 34/34 MP: 4/4
  1385 | D:3      | Noticed Ijyb
  1397 | D:3      | Killed Ijyb
  1425 | D:3      | Reached skill level 5 in Short Blades
  1588 | D:4      | Paralysed by a giant eyeball for 4 turns
  1594 | D:4      | Paralysed by a giant eyeball for 3 turns
  1601 | D:4      | Paralysed by a giant eyeball for 4 turns
  1674 | D:4      | Noticed an ogre
  1693 | D:4      | Killed an ogre
  1693 | D:4      | Reached XP level 5. HP: 39/41 MP: 5/5
  1734 | D:4      | Found a deep blue altar of Sif Muna.
  1751 | D:4      | Reached skill level 6 in Short Blades
  1960 | D:4      | Paralysed by a potion of paralysis for 5 turns
  1972 | D:4      | Reached XP level 6. HP: 32/47 MP: 6/6
  2196 | D:4      | Found a blossoming altar of Fedhas.
  2281 | D:5      | Entered Level 5 of the Dungeon
  2292 | D:5      | Found a shattered altar of Ashenzari.
  2322 | D:5      | Noticed Blork the orc
  2362 | D:5      | Slain by Blork the orc

Action                   |  1- 3 |  4- 6 || total
-------------------------+-------+-------++-------
Melee: Cutlass           |   178 |   175 ||   353
  Use: Potion            |     1 |     9 ||    10
       Scroll            |     4 |     4 ||     8
 Stab: Sleeping          |     1 |       ||     1
